 Dungeon Crawl Stone Soup version 0.23.2-1-ga50397a (webtiles) character file.

Game seed: 18417375896713920597

3306 doot the Thaumaturge (level 9, -6/48 HPs)
             Began as a Deep Elf Wizard on May 20, 2019.
             Was an Initiate of Vehumet.
             Mangled by a yak (16 damage)
             ... on level 7 of the Dungeon.
             The game lasted 00:26:33 (9210 turns).

doot the Thaumaturge (Deep Elf Wizard)              Turns: 9210, Time: 00:26:33

Health: -6/48      AC:  2    Str:  4    XL:     9   Next: 70%
Magic:  9/26       EV: 14    Int: 27    God:    Vehumet [......]
Gold:   338        SH:  0    Dex: 13    Spells: 14/30 levels left

rFire    + . .     SeeInvis +   B - +0 quarterstaff
rCold    x . .     Gourm    .   (shield currently unavailable)
rNeg     . . .     Faith    +   a - +0 robe
rPois    .         Spirit   .   b - +0 hat
rElec    .         Reflect  .   (no cloak)
rCorr    .         Harm     .   (no gloves)
MR       .....                  (no boots)
Stlth    +++.......             r - amulet of faith
HPRegen  0.16/turn              l - ring of fire
MPRegen  0.20/turn              j - ring of see invisible

@: no status effects
A: no striking features
a: Renounce Religion


You were on level 7 of the Dungeon.
You worshipped Vehumet.
Vehumet was noncommittal.
You were not hungry.

You visited 2 branches of the dungeon, and saw 8 of its levels.

You collected 338 gold pieces.

Inventory:

Hand Weapons
 B - a +0 quarterstaff (weapon)
Armour
 a - a +0 robe (worn)
 b - a +0 hat (worn)
 k - a +0 buckler
Jewellery
 i - an uncursed ring of resist corrosion
 j - a ring of see invisible (right hand)
 l - a ring of fire (left hand)
 m - a +4 amulet of reflection
 o - an uncursed amulet of rage
 r - an amulet of faith (around neck)
 u - an uncursed amulet of regeneration
Wands
 D - a wand of clouds (5)
 I - a wand of iceblast (10)
Scrolls
 c - a scroll of enchant weapon {unknown}
 n - a scroll of identify
 q - a scroll of blinking {unknown}
 t - 4 scrolls of teleportation {unknown}
 v - a scroll of magic mapping {unknown}
 y - 2 scrolls of fog {unknown}
 z - 2 scrolls of random uselessness {unknown}
 E - 2 scrolls of remove curse
 F - 2 scrolls of silence {unknown}
 G - a scroll of fear {unknown}
Potions
 e - 6 potions of curing
 f - a potion of mutation {unknown}
 g - a potion of brilliance {unknown}
 h - 3 potions of berserk rage
 p - a potion of degeneration
 s - 2 potions of lignification
 w - 3 potions of heal wounds
 x - a potion of haste
 A - a potion of agility
 C - a potion of magic
Comestibles
 d - 14 rations


   Skills:
 + Level 1.8 Fighting
 + Level 3.0 Staves
 + Level 4.2 Dodging
 + Level 4.6 Stealth
 + Level 11.4 Spellcasting
 * Level 7.9 Conjurations
 + Level 2.7 Summonings
 + Level 3.7 Translocations
 + Level 2.2 Fire Magic
 + Level 2.4 Air Magic
 + Level 1.6 Poison Magic


You had 14 spell levels left.
You knew the following spells:

 Your Spells              Type           Power        Failure   Level  Hunger
a - Magic Dart            Conj           ####         1%          1    None
b - Blink                 Tloc           N/A          1%          2    None
c - Call Imp              Summ           ####....     1%          2    None
d - Venom Bolt            Conj/Pois      #####.....   14%         5    ###....
e - Conjure Flame         Conj/Fire      ######..     1%          3    None
f - Mephitic Cloud        Conj/Pois/Air  #####...     2%          3    None

Your spell library contained the following spells:

 Spells                   Type           Power        Failure   Level  Hunger
 Apportation              Tloc           #####.       1%          1    None
 Summon Small Mammal      Summ           ####         1%          1    None
 Animate Skeleton         Necr           N/A          3%          1    None
 Confusing Touch          Hex            ###...       3%          1    None
 Slow                     Hex            ###.....     5%          2    None
 Iskenderun's Battlesphe  Conj/Chrm      #####...     21%         5    ###....
 Bolt of Magma            Conj/Fire/Erth ######....   26%         5    ###....
 Iron Shot                Conj/Erth      #####.....   75%         6    #####..
 Orb of Destruction       Conj           ######....   77%         7    ######.
 Spellforged Servitor     Conj/Summ      #####.....   98%         7    ######.


Dungeon Overview and Level Annotations

Branches:
Dungeon (7/15)             Temple (1/1) D:7

Altars:
Ashenzari
Dithmenos
Elyvilon
Hepliaklqana
Kikubaaqudgha
Makhleb
Nemelex Xobeh
Okawaru
Qazlal
Sif Muna
Trog
Uskayaw
Vehumet
Wu Jian
Xom
Zin
The Shining One

Shops:
D:4 :


Message History

Unknown command.
The hog is engulfed in blazing flames.
The hog is engulfed in noxious fumes.
The hog appears confused.
Something bites the yak!
Unknown command.
The hog bites you.
The hog is engulfed in blazing flames.
The human is engulfed in noxious fumes.
The human appears confused.
The hog bites you!
The hog is engulfed in noxious fumes.
The hog appears confused.
Casting: Mephitic Cloud (safe; 2% risk of failure)
Confirm with . or Enter, or press ? or * to list all spells.
You blink.
You are engulfed in blazing flames.
You resist.
* * * LOW HITPOINT WARNING * * *
The hog barely misses you.
The human is engulfed in noxious fumes.
Unknown command.
Casting: Blink (safe; 1% risk of failure)
Confirm with . or Enter, or press ? or * to list all spells.
You blink.
The hog bites you.
* * * LOW HITPOINT WARNING * * *
The yak gores you!
You die...

###...##
###########....##
...............#
.............###
#########......##
#..#%%# ####..##
#..#.%######...##
#..'h.##........#
#..#@.#.........##
#..#§Y#..#####.(.#
#####h#.## ##..#
#p§.§# ##.# #
##...# #..# ##
##### ##..# .###
##..## ...##
##..##
....##########
##<.##


You could see a yak and 2 hogs.

Vanquished Creatures
  Harold (D:7)
  An ugly thing (D:7)
  A yak (D:7)
  An orc warrior (D:6)
  2 sky beasts
  An ogre (D:5)
  3 phantoms
  2 centaurs
  A bullfrog (D:6)
  A water moccasin zombie (D:6)
  4 scorpions
  A lava snake (D:7)
  A crimson imp (D:6)
  A quasit (D:5)
  A bullfrog zombie (D:5)
  A bullfrog skeleton (D:6)
  A centaur skeleton (D:4)
  2 gnoll shamans
  2 hounds
  3 orc wizards
  4 orc priests
  An iguana (D:4)
  9 worker ants
  A hound skeleton (D:4)
  2 hound zombies
  8 gnolls
  14 adders
  3 shadow imps
  3 oozes
  2 adder zombies (D:6)
  3 dart slugs
  5 leopard geckos
  12 orcs
  6 bats
  A giant cockroach (D:3)
  7 hobgoblins
  3 jackals
  11 kobolds
  4 quokkas
  7 frilled lizards
  8 goblins
  A leopard gecko skeleton (D:6)
  A quokka zombie (D:6)
  7 rats
154 creatures vanquished.

Vanquished Creatures (collateral kills)
  An orc wizard (D:6)
  3 oozes (D:1)
  An adder zombie (D:7)
  An orc (D:4)
  A giant cockroach (D:1)
  4 jackals (D:1)
  A rat (D:1)
12 creatures vanquished.

Grand Total: 166 creatures vanquished

Notes
Turn   | Place    | Note
-------+----------+-------------------------------------------
     0 | D:1      | doot the Deep Elf Wizard began the quest for the Orb.
     0 | D:1      | Reached XP level 1. HP: 10/10 MP: 7/7
     1 | D:1      | Found a runed translucent door.
   156 | D:1      | Reached XP level 2. HP: 2/15 MP: 0/9
   456 | D:1      | Reached skill level 5 in Spellcasting
   929 | D:1      | Learned a level 2 spell: Blink
   932 | D:1      | Learned a level 2 spell: Call Imp
  1204 | D:2      | Reached XP level 3. HP: 11/19 MP: 5/11
  1390 | D:2      | Learned a level 3 spell: Conjure Flame
  1394 | D:2      | Learned a level 3 spell: Mephitic Cloud
  1889 | D:2      | Reached XP level 4. HP: 24/24 MP: 7/13
  2349 | D:3      | Reached skill level 6 in Spellcasting
  2571 | D:3      | Reached XP level 5. HP: 19/28 MP: 4/15
  2856 | D:3      | Reached skill level 1 in Fire Magic
  3021 | D:3      | Reached skill level 7 in Spellcasting
  3021 | D:3      | Reached XP level 6. HP: 32/32 MP: 7/18
  3937 | D:4      | Found Hace Exuo's Book Shoppe.
  3969 | D:4      | Reached skill level 1 in Air Magic
  4169 | D:4      | Reached skill level 8 in Spellcasting
  4169 | D:4      | Reached XP level 7. HP: 37/37 MP: 10/20
  4248 | D:4      | Reached skill level 1 in Fighting
  5164 | D:5      | Entered Level 5 of the Dungeon
  5567 | D:5      | Reached skill level 1 in Poison Magic
  5682 | D:5      | Reached skill level 9 in Spellcasting
  5947 | D:5      | Reached skill level 5 in Conjurations
  6217 | D:5      | Reached XP level 8. HP: 37/43 MP: 13/23
  7179 | D:6      | Reached skill level 10 in Spellcasting
  7531 | D:6      | Found an iron altar of Okawaru.
  7669 | D:6      | Learned a level 5 spell: Venom Bolt
  8072 | D:7      | Noticed Harold
  8093 | D:7      | Killed Harold
  8093 | D:7      | Reached skill level 1 in Staves
  8093 | D:7      | Reached XP level 9. HP: 40/48 MP: 8/25
  8234 | D:7      | Noticed a brown ugly thing
  8251 | D:7      | Killed a brown ugly thing
  8251 | D:7      | Reached skill level 11 in Spellcasting
  8527 | D:7      | Found a staircase to the Ecumenical Temple.
  8533 | Temple   | Entered the Ecumenical Temple
  8621 | Temple   | Became a worshipper of Vehumet
  9210 | D:7      | Mangled by a yak

Skill      XL: |  1  2  3  4  5  6  7  8  9 |
---------------+----------------------------+-----
Spellcasting   | 5 6 7 8 9 10 11 | 11.4
Dodging        | 3 4 |  4.2
Conjurations   | 2 3 4 5 7 |  7.9
Fire Magic     | 1 2 |  2.2
Air Magic      | 1 2 |  2.4
Stealth        | 3 4 |  4.6
Fighting       | 1 |  1.8
Poison Magic   | 1 |  1.6
Translocations | 3 |  3.7
Staves         | 1 3 |  3.0
Summonings     | 2 |  2.7

Action                   |  1- 3 |  4- 6 |  7- 9 || total
-------------------------+-------+-------+-------++-------
Melee: Unarmed           |     1 |       |     2 ||     3
       Quarterstaff      |       |       |    41 ||    41
 Cast: Magic Dart        |    78 |   143 |   194 ||   415
       Conjure Flame     |     3 |     6 |    24 ||    33
       Call Imp          |     2 |       |    21 ||    23
       Blink             |     1 |     4 |    24 ||    29
       Mephitic Cloud    |       |     8 |    29 ||    37
       Venom Bolt        |       |       |     2 ||     2
  Use: Scroll            |     1 |     1 |     6 ||     8
       Potion            |       |       |     1 ||     1
 Stab: Confused          |       |       |     1 ||     1
       Distracted        |       |       |     1 ||     1
  Eat: Chunk             |     3 |     6 |    13 ||    22
       Ration            |       |       |     1 ||     1
Armor: Robe              |    10 |     2 |    13 ||    25
Dodge: Dodged            |    40 |    15 |    50 ||   105
Block: Other             |       |     2 |       ||     2
